AoeStats
← chewie1706

Oasis

507638354Analyzed
2v2 RM · 12d ago on Sep 19, 2026· 34m 33s· 4 players
Game mode
Random Map
Map size
Medium (4 player)
Population
200
Speed
Normal
Resources
Standard
Victory
Conquest
Starting age
Dark Age
Ending age
Imperial Age
RankedLock teamsTeams togetherTeam positionsShared explorationLock speedFull tech treeHidden civsTurbo modeCheats
Victory
Defeat
🇫🇷 Italians · France
1489
+11
🇨🇭 Hindustanis · Switzerland
1336
+18
🇦🇷 Khmer · Argentina
1393
-15
🇦🇷 Sicilians · Argentina
1364
-14
NovaDev1
7:36 Loom
9:24 Feudal Age
12:50 Double-Bit Axe
14:25 Horse Collar
24:38 Castle Age
26:20 Wheelbarrow
25:51 Heavy Plow
26:07 Arson
29:14 Imperial Age
27:16 Scale Mail Armor
28:51 Chain Mail Armor
31:31 Fletching
Sr_Petonza
8:20 Loom
10:17 Feudal Age
10:58 Loom
14:28 Castle Age
12:47 Double-Bit Axe
16:05 Bow Saw
16:34 Wheelbarrow
16:45 Horse Collar
22:48 Wheelbarrow
22:55 Heavy Plow
22:49 Gold Mining
23:42 Town Watch
24:32 Hand Cart
24:03 Light Cavalry
26:31 Scale Barding Armor
27:51 Chain Barding Armor
28:06 Bloodlines
27:57 Husbandry
28:08 Forging
31:37 Iron Casting
31:15 Light Cavalry
35:48 Imperial Age
35:03 Scale Mail Armor
AGS.Grimnel
6:16 Loom
9:41 Feudal Age
10:45 Double-Bit Axe
16:20 Horse Collar
21:25 Castle Age
20:44 Gold Mining
23:02 Bow Saw
25:27 Heavy Plow
27:37 Wheelbarrow
28:34 Scale Barding Armor
31:25 Imperial Age
29:12 Bloodlines
29:03 Husbandry
29:28 Town Watch
30:24 Forging
31:52 Chain Barding Armor
32:08 Iron Casting
31:50 Heavy Camel Rider
34:19 Plate Barding Armor
36:00 Blast Furnace
chewie1706
7:07 Loom
9:52 Feudal Age
11:52 Double-Bit Axe
13:20 Fletching
15:47 Double-Bit Axe
16:01 Horse Collar
20:43 Wheelbarrow
23:55 Castle Age
22:23 Padded Archer Armor
22:56 Gold Mining
23:34 Stone Mining
24:37 Bodkin Arrow
24:17 Crossbowman
33:31 Imperial Age
32:18 Leather Archer Armor
32:54 Ballistics
33:05 Town Watch
34:13 Bracer
35:37 Chemistry
Connection lost

Rejoining the realm…

Still unreachable

The connection could not be restored.

Session expired

The server has moved on; the page needs a fresh start.